 Seeded DCSS version 0.29.0-7-g18a832c13a (webtiles) character file.

Game seed: 1 (custom seed)

1122 Kazon the Slasher (level 7, -6/60 HPs)
             Began as a Demigod Fighter on Aug 30, 2022.
             Mangled by an ogre
             ... wielding a +0 giant club
              (34 damage)
             ... on level 5 of the Dungeon.
             The game lasted 00:14:04 (3484 turns).

Kazon the Slasher (Demigod Fighter)                 Turns: 3484, Time: 00:14:04

Health: -6/60      AC: 11    Str: 21    XL:     7   Next: 88%
Magic:  9/9        EV: 10    Int: 10    God:
Gold:   1217       SH:  5    Dex: 17    Spells: 6/6 levels left

rFire   . . .      SeeInvis .   s - +3 falchion of Winter {venom, rCorr}
rCold   . . .      Faith    .   c - +0 buckler
rNeg    . . .      Spirit   .   b - +0 scale mail
rPois   .          Reflect  .   l - +0 helmet
rElec   .          Harm     .   (no cloak)
rCorr   +          Rampage  .   (no gloves)
Will    .....                   m - +2 pair of boots
Stlth   ..........              f - amulet of regeneration
HPRegen 1.00/turn               (no ring)
MPRegen 0.11/turn               (no ring)

@: no status effects
A: high MP 1, forlorn, divine attributes
a: no special abilities


You were on level 5 of the Dungeon.
You visited 1 branch of the dungeon, and saw 5 of its levels.

You collected 1401 gold pieces.
You spent 184 gold pieces at shops.

Inventory:

Hand Weapons
 a - a +0 long sword
 e - a +2 dagger of venom
 s - the +3 falchion of Winter (weapon) {venom, rCorr}
   (You bought it in a shop on level 3 of the Dungeon)

   It poisons the flesh of those it strikes.
   rCorr:     It protects you from acid and corrosion.
Missiles
 j - 17 stones
 k - 12 poisoned darts (quivered)
 q - 6 boomerangs
 A - 3 boomerangs of dispersal
Armour
 b - a +0 scale mail (worn)
 c - a +0 buckler (worn)
 l - a +0 helmet (worn)
 m - a +2 pair of boots (worn)
Jewellery
 f - an amulet of regeneration (around neck)
Wands
 x - a wand of mindburst (12)
 y - a wand of flame (16)
Scrolls
 i - 2 scrolls of identify {unknown}
 o - a scroll of immolation {unknown}
 r - a scroll of fog {unknown}
 u - 2 scrolls of enchant weapon {unknown}
 v - a scroll of vulnerability {unknown}
 z - a scroll of blinking {unknown}
Potions
 d - a potion of might
 g - a potion of attraction {unknown}
 h - a potion of flight {unknown}
 n - a potion of berserk rage {unknown}
 p - a potion of haste {unknown}
 t - a potion of magic {unknown}
 w - a potion of ambrosia {unknown}
 B - a potion of curing {unknown}


   Skills:
 * Level 4.6 Fighting
 + Level 0.7(3.3) Short Blades
 + Level 5.2 Long Blades
 + Level 1.9 Throwing
 + Level 4.6 Armour
 + Level 1.4 Dodging
 + Level 0.2 Stealth
 + Level 3.6 Shields
 * Level 2.1 Evocations


You had 6 spell levels left.
You didn't know any spells.
Your spell library contained the following spells:

 Spells                   Type           Power      Damage    Failure   Level
 Apportation              Tloc           0%         N/A       78%         1
 Necrotise                Necr           0%         1d4       78%         1
 Sting                    Tmut/Pois      0%         1d3       78%         1
 Summon Small Mammal      Summ           0%         N/A       78%         1
 Ensorcelled Hibernation  Hex/Ice        0%         N/A       89%         2
 Poisonous Vapours        Pois/Air       0%         N/A       89%         2
 Spider Form              Tmut/Pois      0%         N/A       98%         3
 Anguish                  Hex/Necr       0%         N/A       100%        4
 Olgreb's Toxic Radiance  Pois           0%         N/A       100%        4


Dungeon Overview and Level Annotations

Branches:
Dungeon (5/15)
 Temple: D:4-7

Shops:
D:3 (


Innate Abilities, Weirdness & Mutations

You have an increased reservoir of magic. (+10% MP)
You shall have no god before yourself.
Your divine heritage dramatically boosts your attributes as you level up.


Message History

You slash the orc!
You kill the orc!
Things that are here:
a +0 flail; 3 boomerangs of dispersal; a +0 chain mail
A - 3 boomerangs of dispersal
q - 6 boomerangs (gained 2)
Items here: )) [ ††.
B - a pink potion
Items here: ))))) [[[ ††.
Okay, then.
Items here: )) [ ††.
Things that are here:
a +0 flail; a +0 chain mail
Things that are here:
a +0 dagger; a +0 robe A hound comes into view.
The hound bites you but does no damage.
You closely miss the hound. The hound closely misses you.
You closely miss the hound. You block the hound's attack.
The hound closely misses you.
You slash the hound!
The hound is poisoned.
The hound is heavily wounded.
The hound bites you but does no damage.
You slash the hound!
You kill the hound!
You see here a hound corpse.
An ogre comes into view. It is wielding a +0 giant club.
The ogre shouts!
You hit the ogre.
The ogre is poisoned.
The ogre is moderately wounded.
The ogre hits you with a +0 giant club!
You barely miss the ogre.
The ogre is moderately wounded.
The ogre hits you with a +0 giant club!!
You hit the ogre.
The ogre looks as sick as possible!
The ogre is heavily wounded.
The ogre attacks as you move away!
The ogre hits you with a +0 giant club!!
Ouch! That really hurt!
You die...

........#...........#
#######.#...........########
#.#..................#
#.#......###########.#
#.#......#.. ....#.#
#..........###.#..##.#
#######............. #..##.#
...........>......####..##.#
#######.##...#..@.......##.#
#.##...###O.####..##.#
#.##...#.#..# ##.##.#
#.##...#..... #.##.#
#.##...#.######.#.##.#
#...............#.##.###
#####..#.########.##...#
.....#.#..........##.#
####.##.#.######.#..#.#


You could see an ogre (extremely poisoned).

Vanquished Creatures
  Eustachio (D:4)
  A water moccasin (D:4)
  A black bear (D:4)
  3 ogres (D:4)
  A phantom (D:4)
  A howler monkey (D:4)
  3 hounds
  An orc priest (D:4)
  An iguana (D:4)
  2 orc wizards
  Natasha (twice) (D:4)
  3 gnolls (D:2)
  2 adders (D:2)
  An ufetubus (D:4)
  2 worms
  3 dart slugs
  15 orcs
  7 endoplasms
  A giant cockroach (D:1)
  8 goblins
  12 hobgoblins
  7 jackals
  8 kobolds
  4 quokkas
  4 ball pythons
  2 bats
  4 frilled lizards
  5 rats
105 creatures vanquished.

Vanquished Creatures (others)
  An orc wizard (D:5)
1 creature vanquished.

Grand Total: 106 creatures vanquished

Notes
Turn   | Place    | Note
-------+----------+-------------------------------------------
     0 | D:1      | Kazon the Demigod Fighter began the quest for the Orb.
     0 | D:1      | Reached XP level 1. HP: 18/18 MP: 3/3
    41 | D:1      | Identified a scroll of acquirement
    41 | D:1      | Acquired 1113 gold pieces
   456 | D:1      | Reached XP level 2. HP: 25/25 MP: 4/4
   608 | D:1      | Reached skill level 2 in Long Blades
  1157 | D:3      | Found Umat's Antique Weapon Boutique.
  1242 | D:2      | Reached XP level 3. HP: 30/30 MP: 5/5
  1813 | D:2      | Reached XP level 4. HP: 38/38 MP: 6/6
  2016 | D:3      | Bought a crude falchion for 184 gold pieces
  2016 | D:3      | Identified the +3 falchion of Winter {venom, rCorr} (You
                  | bought it in a shop on level 3 of the Dungeon)
  2372 | D:4      | Noticed an ogre
  2373 | D:4      | Noticed Natasha
  2374 | D:4      | Reached skill level 3 in Long Blades
  2386 | D:4      | Killed Natasha
  2387 | D:4      | Reached skill level 1 in Throwing
  2387 | D:4      | Reached XP level 5. HP: 45/45 MP: 7/7
  2393 | D:4      | Killed an ogre
  2610 | D:4      | Reached XP level 6. HP: 51/51 MP: 8/8
  2710 | D:4      | Noticed a water moccasin
  2718 | D:4      | Killed a water moccasin
  2719 | D:4      | Reached skill level 1 in Dodging
  2726 | D:4      | Reached skill level 4 in Long Blades
  2726 | D:4      | Reached skill level 1 in Evocations
  2809 | D:4      | Reached XP level 7. HP: 59/59 MP: 9/9
  2864 | D:4      | Noticed Natasha
  2873 | D:4      | Killed Natasha
  2877 | D:4      | Noticed Eustachio
  2907 | D:4      | Killed Eustachio
  2908 | D:4      | Reached skill level 5 in Long Blades
  3325 | D:5      | Entered Level 5 of the Dungeon
  3484 | D:5      | Mangled by an ogre

Illustrated notes

Levels and vault maps discovered:
D:1:      dpeg_arrival_three_smaller_balls, layout_basic
D:2:      layout_loops_ring
D:3:      layout_basic, serial_shops, nicolae_shop_stone, st_stairs_7
D:4:      minmay_razor_zed, layout_basic, worldfamousw_hep_ancestral_shrine,
          uniq_eustachio, uniq_natasha
D:5:      layout_basic, uniq_duvessa

Skill      XL: |  1  2  3  4  5  6  7 |
---------------+----------------------+-----
Armour         | 3 4 |  4.6
Long Blades    | 2 3 4 5 |  5.2
Fighting       | 3 4 |  4.6
Shields        | 3 |  3.6
Throwing       | 1 |  1.9
Dodging        | 1 |  1.4
Evocations     | 1 2 |  2.1
Short Blades   | |  0.7
Stealth        | |  0.2

Action                   |  1- 3 |  4- 6 |  7- 9 || total
-------------------------+-------+-------+-------++-------
Melee: Long sword        |   118 |       |       ||   118
       Dagger            |    23 |    14 |       ||    37
       Falchion          |       |   104 |    77 ||   181
Throw: Stone             |     4 |     1 |       ||     5
       Dart              |       |     4 |       ||     4
  Use: Scroll            |     1 |       |       ||     1
Armor: Scale mail        |    66 |    44 |    22 ||   132
Dodge: Dodged            |    74 |    53 |    36 ||   163
Block: Buckler           |    36 |    33 |    15 ||    84
